 Dungeon Crawl Stone Soup version 0.28-a0-48-gfd831c5874 (webtiles) character file.

Game seed: 8275881234799214319

99726 Spaninq the Imperceptible (level 15, -1/63 HPs)
             Began as a Spriggan Enchanter on July 29, 2021.
             Was the Champion of Ru.
             Slain by a harpy (11 damage)
             ... on level 1 of the Shoals.
             The game lasted 02:43:55 (36634 turns).

Spaninq the Imperceptible (Spriggan Enchanter)     Turns: 36634, Time: 02:43:56

Health: -1/63      AC:  7    Str:  4    XL:     15   Next: 78%
Magic:  24/32      EV: 29    Int: 25    God:    Ru [******]
Gold:   1980       SH:  5    Dex: 21    Spells: 22/38 levels left

rFire   . . .      SeeInvis +   a - +2 dagger (flame)
rCold   . . .      Faith    .   (shield unavailable)
rNeg    . . .      Spirit   .   y - +0 steam dragon scales
rPois   +          Reflect  +   B - +1 hat {Stlth+}
rElec   .          Harm     .   o - +0 cloak
rCorr   .          Rampage  .   (gloves unavailable)
Will    ++...                   (boots unavailable)
Stlth   ++++++++++              A - amulet of reflection
HPRegen 0.20/turn               (ring unavailable)
MPRegen 0.23/turn               n - ring "Kyhux" {rPois Int+7}

@: studying Short Blades, very quick
A: very small, no large weapons, unfitting armour, see invisible, speed 3,
missing a hand, hated by all, inability to train armour, unskilled 1
a: Renounce Religion, Draw Out Power, Power Leap, Apocalypse


You were on level 1 of the Shoals.
You worshipped Ru.
Ru was exalted by your worship.
You visited 6 branches of the dungeon, and saw 25 of its levels.
You also visited: Sewer, Ossuary and Ice Cave.

You collected 2605 gold pieces.
You spent 625 gold pieces at shops.

Inventory:

Hand Weapons
 a - a +2 dagger of flaming (weapon)
 f - a +0 rapier
 Q - a +4 dagger
 S - a +5 quick blade of freezing
Missiles
 P - 4 throwing nets
Armour
 o - a +0 cloak (worn)
 y - +0 steam dragon scales (worn)
 B - a +1 hat of stealth (worn)
 E - a +1 robe of resistance
 G - a +2 robe of cold resistance
 J - +0 ice dragon scales
Jewellery
 h - a ring of protection from cold
 m - a ring of fire
 n - the ring "Kyhux" (right hand) {rPois Int+7}
   (You found it on level 3 of the Lair of Beasts)

   [ring of poison resistance]

   Int:       It affects your intelligence (+7).
   rPois:     It protects you from poison.
 v - a ring of flight
 A - an amulet of reflection (around neck)
 C - a +4 ring of protection
 H - a ring of positive energy
 O - an amulet of magic regeneration
Wands
 c - a wand of digging (3)
 p - a wand of flame (115)
 s - a wand of iceblast (3)
 w - a wand of polymorph (10)
 x - a wand of acid (5)
Scrolls
 e - 6 scrolls of fog
 l - 8 scrolls of teleportation
 D - 3 scrolls of amnesia
 L - 2 scrolls of magic mapping
 M - 2 scrolls of silence
 N - a scroll of enchant weapon
 R - 6 scrolls of identify
 T - 3 scrolls of blinking
Potions
 b - 2 potions of brilliance
 d - 3 potions of mutation
 g - 4 potions of flight
 i - 8 potions of heal wounds
 j - 6 potions of might
 k - 6 potions of curing
 q - 3 potions of resistance
 r - a potion of invisibility
 t - 6 potions of haste
 u - 3 potions of cancellation
 z - 4 potions of magic
 I - a potion of berserk rage
Miscellaneous
 K - a condenser vane


   Skills:
 + Level 0.2 Fighting
 + Level 13.6 Short Blades
 + Level 13.0 Dodging
 * Level 22.6 Stealth
 + Level 12.2 Spellcasting
 * Level 14.8 Hexes
 - Level 4.5 Ice Magic


You had 22 spell levels left.
You knew the following spells:

 Your Spells              Type           Power      Damage    Failure   Level
a - Corona                Hex            81%        N/A       0%          1
b - Ensorcelled Hibernat  Hex/Ice        100%       N/A       1%          2
c - Confusing Touch       Hex            73%        N/A       1%          3
d - Slow                  Hex            73%        N/A       0%          2
e - Dazzling Flash        Conj/Hex       100%       N/A       1%          3
f - Metabolic Englaciati  Hex/Ice        29%        N/A       1%          5

Your spell library contained the following spells:

 Spells                   Type           Power      Damage    Failure   Level
 Ozocubu's Armour         Ice            37%        N/A       1%          3
 Invisibility             Hex            36%        N/A       1%          6
 Pain                     Necr           60%        1d7       4%          1
 Sandblast                Erth           30%        2d9       4%          1
 Silence                  Hex/Air        25%        N/A       5%          5
 Passwall                 Tmut/Erth      12%        N/A       6%          2
 Static Discharge         Conj/Air       15%        N/A       6%          2
 Gell's Gravitas          Tloc           7%         N/A       12%         3
 Swiftness                Air            15%        N/A       12%         3
 Teleport Other           Tloc           15%        N/A       12%         3
 Vampiric Draining        Necr           7%         2d7       12%         3
 Dispel Undead            Necr           15%        3d10      36%         4
 Passage of Golubria      Tloc           N/A        N/A       36%         4
 Petrify                  Tmut/Erth      15%        N/A       36%         4
 Sticky Flame             Conj/Fire      15%        2d4       36%         4
 Blade Hands              Tmut           7%         N/A       73%         5
 Lee's Rapid Deconstruct  Erth           7%         3d8*      73%         5
 Dispersal                Tloc           7%         N/A       99%         6
 Iron Shot                Conj/Erth      7%         9d2       99%         6
 Statue Form              Tmut/Erth      10%        N/A       99%         6
 Storm Form               Tmut/Air       7%         N/A       100%        7
 Lehudib's Crystal Spear  Conj/Erth      7%         10d3      100%        8
 Maxwell's Capacitive Co  Air            7%         ∞         100%        8
 Tukima's Dance           Hex            Unusable   N/A       N/A         3
 Animate Skeleton         Necr           Unusable   N/A       N/A         1
 Animate Armour           Summ/Erth      Unusable   N/A       N/A         4
 Summon Lightning Spire   Summ/Air       Unusable   N/A       N/A         4
 Simulacrum               Ice/Necr       Unusable   N/A       N/A         6

Dungeon Overview and Level Annotations

Branches:
Dungeon (15/15)            Temple (0/1) D:7            Lair (5/6) D:9
 Shoals (1/4) Lair:2       Spider (1/4) Lair:3          Orc (2/2) D:11
    Elf (1/3) Orc:2        Vaults (0/5) D:13         Depths (0/5) D:15
  Sewer (visited)         Ossuary (visited)           IceCv (visited)
  Slime: Lair:5-6

Altars:
Ashenzari
Dithmenos
Gozag
Hepliaklqana
Makhleb
Okawaru
Qazlal
Ru
Sif Muna
Uskayaw
Vehumet
Wu Jian
Xom
Yredelemnul
Zin
Beogh

Shops:
D:3 (   D:5 [   D:7 [!!?   D:11 [   Orc:2 :*([*[

Annotations:
D:13 2 transporters
D:14 Rupert
Lair:3 exclusion: 3 oklob plants
Lair:5 3 runed translucent doors, Kuris's ghost, journeyman DsCK


Innate Abilities, Weirdness & Mutations

You are very small and have problems with some larger weapons.
You are too small for most types of armour.
You have supernaturally acute eyesight. (SInv)
You cover ground extremely quickly. (Speed+++)
You are missing a hand.
You are hated by all.
You cannot train Armour skill.
You are somewhat unskilled. (-1 Apt)


Message History

The faun hits you with a +0 spear! The harpy completely misses you.
The harpy barely misses you. The harpy completely misses you. x2
The merfolk siren completely misses you.
You block the harpy's attack. x2
You hit the harpy but do no damage.
The harpy appears confused.
You block the harpy's attack. The harpy misses you. The faun barely misses you.
Unknown command.
Casting: Confusing Touch (safe; 1% risk of failure)
Confirm with . or Enter, or press ? or * to list all spells.
Your hand begins to glow red.
You block the harpy's attack. The harpy misses you.
The harpy completely misses you. The harpy closely misses you.
The harpy closely misses the merfolk siren.
The harpy claws the merfolk siren.
The merfolk siren completely misses you.
The harpy closely misses you. The harpy claws you.
The faun points at you and mumbles some strange words.
You resist with almost no effort.
You hit the faun but do no damage.
The faun appears confused.
The merfolk siren completely misses you.
The harpy misses you. You block the harpy's attack.
The harpy claws the harpy. x2
You redirect the manticore's attack!
The manticore flicks its tail.
The volley of spikes hits the merfolk siren!
The harpy is stunned by your conviction and fails to attack.
The harpy completely misses you. The harpy claws you but does no damage.
The harpy completely misses you. The harpy claws you!
The merfolk siren chants a haunting song.
You resist with almost no effort. The sea snake barely misses you.
The harpy claws the faun!
The harpy claws the faun.
You redirect the harpy's attack!
The harpy claws herself! x2; The harpy claws you!
* * * LOW HITPOINT WARNING * * *
You focus your inner power and blind the harpy in retribution!
You block the harpy's attack.
The harpy closely misses the harpy.
The harpy claws the harpy.
The harpy claws the harpy!
The harpy claws the harpy.
The harpy claws you!
* * * LOW HITPOINT WARNING * * *
The harpy claws you!
You die...

.≈"...#..≈.≈≈≈....
≈≈?....##.....≈.#..
≈≈.$[.......(.≈....
.
.....:....H#......
≈^ #......≈≈.#
##...
≈..#.........# ..≈
≈..$.≈≈mcH...###..≈
.......SH.##.......
#..≈.H@.##.....≈≈
#.≈≈≈≈H.....P≈≈P≈
#.≈≈P≈....≈≈≈≈≈≈P
...>≈≈≈≈≈..≈≈PP≈≈≈≈
≈≈≈≈≈≈≈≈≈≈..≈P≈≈P≈≈
≈≈≈≈≈≈≈≈≈≈≈.≈≈≈≈≈≈≈
≈≈≈≈≈≈≈≈≈≈≈≈≈≈≈≈≈≈≈
≈≈≈≈≈≈≈≈≈≈≈≈≈≈≈≈≈≈≈
≈≈≈≈≈≈≈≈PP≈≈≈≈≈≈≈≈≈


You could see a sea snake, a faun (confused), a manticore, a merfolk siren
(skewered) and 4 harpies.

Vanquished Creatures
  Gastronok (Lair:2)
  An orc warlord (Orc:2)
  Josephine (Orc:1)
  6 vault guards (D:13)
  Harold (Orc:1)
  Fannar (Lair:1)
  4 centaur warriors
  8 hydras
  10 boulder beetles
  A death knight (D:15)
  A tengu warrior (D:15)
  6 death yaks (Lair:3)
  6 two-headed ogres
  Urug (Lair:2)
  4 orc high priests (Orc:2)
  2 bog bodies (IceCv)
  A glowing orange brain (D:15)
  2 lindwurms (Lair:3)
  2 wolf spiders
  An orc sorcerer (Orc:2)
  3 orc knights
  2 fauns (Shoals:1)
  An orb spider (shapeshifter) (D:15)
  12 ugly things
  3 deep elf pyromancers
  5 manticores
  5 cyclopes
  26 elephants
  2 black mambas
  A merfolk siren (Lair:2)
  7 cane toads
  2 gargoyles (D:12)
  An unseen horror (D:12)
  3 rime drakes
  A demonic crawler (Lair:3)
  An anaconda simulacrum (IceCv)
  An efreet (D:13)
  11 komodo dragons
  A tengu conjurer (D:15)
  A freezing wraith (IceCv)
  A yaktaur (D:15)
  3 ice devils
  6 trolls
  A merfolk (Lair:2)
  5 jumping spiders
  A hornet (D:9)
  A polar bear (Lair:5)
  19 blink frogs
  A wolf spider simulacrum (D:15)
  13 slime creatures
  Grinder (D:5)
  A centaur simulacrum (D:15)
  22 yaks
  A redback (shapeshifter) (D:15)
  3 redbacks
  2 shadows
  4 wraiths
  3 wyverns
  Eustachio (D:6)
  2 vampires
  5 humans (D:13)
  A steam dragon (D:8)
  Edmund (D:5)
  3 death yak simulacra (IceCv)
  9 basilisks
  4 wargs
  A harpy simulacrum (IceCv)
  3 acid dragons
  2 floating eyes (D:12)
  10 water moccasins
  2 ice beasts
  A hornet zombie (D:7)
  36 orc warriors
  2 black bears
  A sky beast (D:7)
  2 necrophages
  15 ogres
  11 wolves
  7 centaurs
  A phantom (D:6)
  4 kobold brigands
  13 bullfrogs
  2 elf zombies (Ossuary)
  A gnoll sergeant (D:5)
  7 two-headed ogre simulacra (IceCv)
  2 scorpions
  A cane toad simulacrum (IceCv)
  A wyvern skeleton (D:6)
  An elephant simulacrum (IceCv)
  8 killer bees (D:9)
  5 howler monkeys
  6 centaur zombies
  3 lava snakes (Lair:3)
  3 bullfrog zombies
  A human zombie (Ossuary)
  3 jellies
  5 hounds
  14 orc priests
  A bullfrog skeleton (D:6)
  An iguana (D:5)
  Ijyb (D:4)
  6 spriggan simulacra (IceCv)
  3 troll simulacra (IceCv)
  3 hell rats (Lair:2)
  19 orc wizards
  A wolf simulacrum (IceCv)
  A polar bear simulacrum (IceCv)
  2 mummies (Ossuary)
  Robin (D:4)
  9 gnolls
  5 naga simulacra (IceCv)
  3 adders
  3 river rats (Lair:2)
  A shadow imp (D:7)
  9 white imps
  8 ufetubi (IceCv)
  An adder zombie (Ossuary)
  A worm (D:2)
  73 orcs
  5 ball pythons
  6 bats
  4 endoplasms
  6 giant cockroaches
  11 goblins
  4 hobgoblins
  2 jackals (D:4)
  19 kobolds
  A quokka (D:4)
  2 frilled lizards
  A goblin zombie (Ossuary)
  9 hobgoblin zombies (Ossuary)
  2 jackal zombies (Ossuary)
  11 kobold zombies (Ossuary)
  7 orc zombies (Ossuary)
  15 rats
  2 rat zombies (Ossuary)
696 creatures vanquished.

Vanquished Creatures (others)
  A human (D:13)
  A centaur (D:15)
  2 orcs
  A kobold (Sewer)
  A rat (Lair:2)
  51 fungi
  47 plants
104 creatures vanquished.

Grand Total: 800 creatures vanquished

Notes
Turn   | Place    | Note
-------+----------+-------------------------------------------
     0 | D:1      | Spaninq the Spriggan Enchanter began the quest for the Orb.
     0 | D:1      | Reached XP level 1. HP: 9/9 MP: 5/5
   678 | D:1      | Found a faded altar of an unknown god.
   685 | D:1      | Became a worshipper of Ru the Awakened
   690 | D:1      | Gained mutation: You are missing a hand. [Ru sacrifice]
   690 | D:1      | Reached * piety under Ru
   690 | D:1      | Reached ** piety under Ru
  1476 | D:2      | Reached XP level 2. HP: 13/13 MP: 6/6
  1492 | D:2      | Learned a level 2 spell: Ensorcelled Hibernation
  2431 | D:2      | Reached skill level 5 in Stealth
  3080 | D:3      | Reached XP level 3. HP: 16/16 MP: 8/8
  4085 | D:3      | Reached XP level 4. HP: 14/21 MP: 6/9
  4559 | D:3      | Found Winlyp's Antique Weapon Shoppe.
  4704 | D:4      | Found a sand-covered staircase.
  4711 | Ossuary  | Entered an ossuary
  4744 | Ossuary  | Learned a level 3 spell: Confusing Touch
  5261 | Ossuary  | Reached skill level 6 in Stealth
  5261 | Ossuary  | Reached XP level 5. HP: 16/24 MP: 8/11
  5410 | Ossuary  | Reached XP level 6. HP: 7/28 MP: 3/12
  5473 | Ossuary  | Gained mutation: You are hated by all. [Ru sacrifice]
  5473 | Ossuary  | Reached *** piety under Ru
  5473 | Ossuary  | Reached **** piety under Ru
  5769 | Ossuary  | Reached skill level 7 in Stealth
  5959 | D:4      | Noticed Robin
  5966 | D:4      | Killed Robin
  6728 | D:4      | Noticed Ijyb
  6761 | D:4      | Killed Ijyb
  7238 | D:4      | Reached XP level 7. HP: 25/32 MP: 2/14
  7534 | D:5      | Entered Level 5 of the Dungeon
  7564 | D:5      | Reached skill level 8 in Stealth
  7564 | D:5      | Reached skill level 5 in Hexes
  7567 | D:5      | Found a radiant altar of Vehumet.
  7575 | D:5      | Noticed Edmund
  7588 | D:5      | Killed Edmund
  7590 | D:5      | You fall into a shaft and drop 2 floors!
  7642 | D:7      | Reached skill level 5 in Short Blades
  7642 | D:7      | Reached skill level 5 in Dodging
  7713 | D:6      | Found a glowing silver altar of Zin.
  7713 | D:6      | Found a stormy altar of Qazlal.
  7769 | D:5      | Noticed Grinder
  7774 | D:5      | Killed Grinder
  7775 | D:5      | Reached skill level 9 in Stealth
  7775 | D:5      | Reached skill level 5 in Spellcasting
  7775 | D:5      | Reached XP level 8. HP: 25/36 MP: 10/16
  7801 | D:5      | Found an opulent altar of Gozag.
  7837 | D:5      | Found a burning altar of Makhleb.
  7875 | D:5      | Found a glowing drain.
  7915 | Sewer    | Entered a sewer
  7978 | Sewer    | Reached skill level 10 in Stealth
  8719 | D:5      | Found Doalut's Antique Armour Shop.
  9309 | D:5      | Found an iron altar of Okawaru.
  9321 | D:5      | Reached XP level 9. HP: 39/39 MP: 15/18
  9895 | D:6      | Reached skill level 11 in Stealth
 10192 | D:6      | Noticed Eustachio
 10196 | D:6      | Killed Eustachio
 11106 | D:7      | Reached skill level 12 in Stealth
 11470 | D:7      | Found a staircase to the Ecumenical Temple.
 11559 | D:7      | Reached XP level 10. HP: 44/44 MP: 16/21
 11656 | D:7      | Found Sikhloizoih's Distillery.
 11808 | D:7      | Found Godwob's Magic Scroll Shop.
 11808 | D:7      | Found Hestra's Antique Armour Shop.
 11808 | D:7      | Found Ilagroeru's Distillery.
 12049 | D:7      | Learned a level 2 spell: Slow
 12396 | D:8      | Found a hide-covered altar of Uskayaw.
 13081 | D:9      | Found a shadowy altar of Dithmenos.
 13087 | D:9      | Learned a level 3 spell: Dazzling Flash
 13300 | D:9      | Reached skill level 13 in Stealth
 13644 | D:9      | Found a shimmering altar of Xom.
 13651 | D:9      | Noticed a two-headed ogre
 13655 | D:9      | Killed a two-headed ogre
 13882 | D:9      | Found a staircase to the Lair.
 14023 | D:9      | Found a shimmering blue altar of Sif Muna.
 14027 | D:9      | Found an ornate altar of the Wu Jian Council.
 14055 | D:9      | Noticed a two-headed ogre
 14060 | D:9      | Killed a two-headed ogre
 14061 | D:9      | Reached skill level 14 in Stealth
 14061 | D:9      | Reached skill level 10 in Hexes
 14393 | D:10     | Entered Level 10 of the Dungeon
 14469 | D:10     | Reached XP level 11. HP: 47/47 MP: 21/24
 14587 | D:10     | Noticed a two-headed ogre
 14590 | D:10     | Killed a two-headed ogre
 14715 | D:10     | Reached skill level 1 in Ice Magic
 15414 | D:10     | Noticed a two-headed ogre
 15421 | D:10     | Killed a two-headed ogre
 15572 | D:11     | Noticed an eight-headed hydra
 15678 | Lair:1   | Entered Level 1 of the Lair of Beasts
 15776 | Lair:1   | Noticed Fannar
 15783 | Lair:1   | Killed Fannar
 15784 | Lair:1   | Reached skill level 15 in Stealth
 16602 | Lair:2   | Reached skill level 10 in Dodging
 16797 | Lair:2   | Noticed Gastronok
 16797 | Lair:2   | Noticed an eight-headed hydra
 16806 | Lair:2   | Learned a level 5 spell: Metabolic Englaciation
 17003 | Lair:2   | Reached XP level 12. HP: 51/51 MP: 23/26
 17014 | Lair:2   | Killed an eight-headed hydra
 17050 | Lair:2   | Noticed Urug
 17058 | Lair:2   | Killed Urug
 17059 | Lair:2   | Reached skill level 16 in Stealth
 17171 | Lair:2   | Found a staircase to the Shoals.
 17807 | Lair:2   | Reached skill level 10 in Short Blades
 18607 | Lair:3   | Noticed a death yak
 18608 | Lair:3   | Noticed a death yak
 18609 | Lair:3   | Noticed a death yak
 19098 | Lair:2   | Reached skill level 10 in Spellcasting
 19732 | Lair:3   | Reached skill level 17 in Stealth
 20181 | Lair:3   | Found a runed translucent door.
 20252 | Lair:3   | Noticed a death yak
 20334 | Lair:3   | Noticed a five-headed hydra
 20341 | Lair:3   | Killed a five-headed hydra
 20449 | Lair:3   | Noticed a death yak
 20483 | Lair:3   | Reached XP level 13. HP: 55/55 MP: 20/28
 20893 | Lair:3   | Found a hole to the Spider Nest.
 21581 | Lair:3   | Found a runed translucent gate.
 21581 | Lair:3   | Found a runed translucent gate.
 21583 | Lair:3   | Reached skill level 18 in Stealth
 21583 | Lair:3   | Reached skill level 5 in Ice Magic
 21628 | Lair:3   | Found a runed translucent gate.
 21628 | Lair:3   | Found a runed translucent gate.
 21628 | Lair:3   | Found a runed translucent gate.
 21629 | Lair:3   | Found a runed translucent gate.
 22058 | Lair:3   | Identified the ring "Kyhux" {rPois Int+7}
 22522 | Lair:4   | Found a frozen archway.
 22566 | IceCv    | Entered an ice cave
 23540 | IceCv    | Gained mutation: You cannot train Armour skill. [Ru
                  | sacrifice]
 23540 | IceCv    | Reached ***** piety under Ru
 24211 | IceCv    | Reached skill level 19 in Stealth
 24336 | Lair:4   | Found a broken altar of Ashenzari.
 25198 | Lair:5   | Reached XP level 14. HP: 59/59 MP: 26/30
 25388 | Lair:5   | Reached skill level 20 in Stealth
 25924 | Lair:5   | Found a runed translucent gate.
 25925 | Lair:5   | Found a runed translucent gate.
 25925 | Lair:5   | Found a runed translucent gate.
 25927 | Lair:5   | Noticed Kuris's ghost (journeyman DsCK)
 26667 | Lair:2   | Killed Gastronok
 27411 | D:11     | Found a staircase to the Orcish Mines.
 27444 | D:11     | Found Becrub's Armour Shop.
 27833 | Orc:1    | Entered Level 1 of the Orcish Mines
 27841 | Orc:1    | You fall into a shaft and drop 1 floor!
 27841 | Orc:2    | Entered Level 2 of the Orcish Mines
 28129 | Orc:2    | Noticed an orc warlord
 28148 | Orc:2    | Killed an orc warlord
 28184 | Orc:2    | Found Uvvadexa's Antique Armour Emporium.
 28187 | Orc:2    | Found Veitem's Antique Armour Boutique.
 28196 | Orc:2    | Found Fioloa Biuf's Antique Weapon Boutique.
 28595 | Orc:2    | Found Penamat's Book Boutique.
 28735 | Orc:2    | Reached skill level 21 in Stealth
 29083 | Orc:2    | Found Yhokkyih's General Store.
 29091 | Orc:2    | Found a staircase to the Elven Halls.
 29298 | Orc:1    | Noticed Harold
 29302 | Orc:1    | Killed Harold
 29482 | Orc:2    | Bought a scroll of teleportation for 30 gold pieces
 29519 | Orc:2    | Found Ilokhler's General Store.
 29580 | Orc:1    | Noticed Josephine
 30250 | Orc:1    | Killed Josephine
 31500 | D:12     | Reached skill level 22 in Stealth
 31755 | D:13     | Reached XP level 15. HP: 63/63 MP: 32/32
 31759 | D:13     | Found a transporter.
 31783 | D:13     | Identified a scroll of acquirement
 31783 | D:13     | Acquired a +5 quick blade
 32091 | D:13     | Reached skill level 15 in Hexes
 32112 | D:13     | Found a transporter.
 32114 | D:13     | Noticed an acid blob
 32431 | D:13     | Found a gate to the Vaults.
 32441 | D:13     | Identified the +0 kite shield of the Unseen Realm {Fly}
 32760 | D:7      | Bought a scroll of blinking for 97 gold pieces
 32760 | D:7      | Bought a scroll of blinking for 97 gold pieces
 32760 | D:7      | Bought a scroll of enchant armour for 97 gold pieces
 32769 | D:7      | Bought 2 potions of heal wounds for 160 gold pieces
 32769 | D:7      | Bought a potion of curing for 48 gold pieces
 32769 | D:7      | Bought 2 potions of curing for 96 gold pieces
 32881 | D:14     | Reached skill level 23 in Stealth
 33090 | D:14     | Noticed Rupert
 33148 | D:14     | Paralysed by Rupert for 3 turns
 33718 | D:15     | Entered Level 15 of the Dungeon
 34127 | D:15     | Gained mutation: You are somewhat unskilled. (-1 Apt) [Ru
                  | sacrifice]
 34127 | D:15     | Reduced skill Stealth to level 22
 34127 | D:15     | Reached ****** piety under Ru
 34858 | D:15     | Found a staircase to the Depths.
 35485 | Spider:1 | Entered Level 1 of the Spider Nest
 36014 | Elf:1    | Entered Level 1 of the Elven Halls
 36206 | Shoals:1 | Entered Level 1 of the Shoals
 36634 | Shoals:1 | Slain by a harpy

Illustrated notes

Levels and vault maps discovered:
D:1:      onia_arrival_pyramid, layout_loops_corners,
          dilly_ecumenical_altar_fadedgnrine, hangedman_decor_push
D:2:      layout_loops_corners, minmay_misc_feat_cross
D:3:      layout_basic, serial_shops, nicolae_lakefront_shop
D:4:      layout_layer_cave, enter_ossuary_3, cheibrodos_gnoll_hut, uniq_ijyb,
          uniq_robin
D:5:      layout_cave_pools, lightli_temple_of_fire,
          mainiacjoe_overflow_alcove_2, vehumet_altar_wand_db,
          okawaru_altar_gauntlet_db, portal_sewer_entry_c, serial_shops, shop,
          grunt_ministairs_12, minmay_crossroads, uniq_edmund, uniq_grinder
D:6:      layout_basic, jmf_multi_god_temple, uniq_eustachio
D:7:      layout_basic, minmay_temple_entry_tees, minmay_shop_grid_forest,
          grunt_ministairs_13
D:8:      layout_rooms, old_standard_altar
D:9:      layout_stronghold, nicolae_dithmenos_shadow_blocks, minitemple,
          lemuel_tele_altar, david_lair_shrubbed
D:10:     layout_irregular_city, mainiacjoe_overflow_alcove_1
D:11:     layout_basic, orc_david_3
D:12:     layout_small_grid, special_room [special_room_orc], onia_ninara_cookie
D:13:     gammafunk_cloud_chamber, layout_rooms, ximxim_vaults_locker_room,
          amcnicky_mini_pool_small, nicolae_water_bricks
D:14:     layout_rooms, minmay_stone_trees_small, uniq_rupert
D:15:     gammafunk_enter_depths_forms, layout_loops_ring,
          grunt_decor_one_mirror, nzn_hepliaklqana_mist_gate
Lair:1:   layout_gridlike, uniq_fannar
Lair:2:   layout_cave_pods, minmay_shoals_entry_lonely_mermaid, st_stairs_6,
          chequers_serial_rivers_micro_b, minmay_hedge_maze,
          kennysheep_abandoned_house, uniq_gastronok, uniq_urug
Lair:3:   gammafunk_indiana_jones, layout_regular_city,
          spider_nest_entry_funnel_web, nicolae_volcano_entry_vermiform,
          beast_lair_carwin_11, minmay_lair_oklob_chamber
Lair:4:   layout_long_grid, basic_altar, portal_ice_cave_demonic_guard
Lair:5:   layout_hall_layers, gammafunk_ghost_hydra_chop,
          infiniplex_staircase_pool
Shoals:1: layout_shoals, nicolae_shoals_stone_sculpture_thing,
          nicolae_shoals_lost_giant_hut
Spider:1: layout_spider_delve, hangedman_spider_tarantella_strand
Orc:1:    layout_diamond_mine, uniq_josephine, uniq_harold
Orc:2:    grunt_orc_gardens, layout_caves, grunt_orc_garden, grunt_orc_garden,
          grunt_orc_garden, grunt_orc_garden, serial_shops, shop,
          nicolae_shop_trees
Elf:1:    nicolae_elf_arrival_no_cutting_in_line, layout_loops_corners,
          hangedman_elf_disciples, minmay_elf_necromancy, uniq_louise

Skill      XL: |  1  2  3  4  5  6  7  8  9 10 11 12 13 14 15 |
---------------+----------------------------------------------+-----
Dodging        | 3 4 5 6 7 8 10 11 12 13 13 | 13.0
Stealth        | 5 6 7 9 10 12 14 15 17 19 22 22 | 22.6
Short Blades   | 2 3 4 5 6 7 8 9 10 12 13 13 | 13.6
Spellcasting   | 3 4 5 6 8 9 10 11 12 | 12.2
Hexes          | 4 5 6 8 10 11 13 14 14 | 14.8
Ice Magic      | 3 4 5 4 |  4.5
Fighting       | |  0.2

Action                   |  1- 3 |  4- 6 |  7- 9 | 10-12 | 13-15 || total
-------------------------+-------+-------+-------+-------+-------++-------
Melee: Dagger            |    69 |   277 |   230 |   501 |   789 ||  1866
 Cast: Corona            |     6 |       |       |     3 |       ||     9
       Ensorcelled Hiber |    34 |    28 |    81 |   140 |   361 ||   644
       Confusing Touch   |       |     6 |    14 |    66 |   102 ||   188
       Dazzling Flash    |       |       |       |     5 |       ||     5
       Slow              |       |       |       |     4 |       ||     4
Invok: Sacrifice a Hand  |     1 |       |       |       |       ||     1
       Sacrifice Love    |       |     1 |       |       |       ||     1
       Reject Sacrifices |       |       |     1 |     1 |     1 ||     3
       Sacrifice Durabil |       |       |       |       |     1 ||     1
       Sacrifice Skill   |       |       |       |       |     1 ||     1
Evoke: Wand              |       |       |       |     1 |     2 ||     3
  Use: Scroll            |       |     7 |    10 |     8 |    18 ||    43
       Potion            |       |       |     3 |     2 |     4 ||     9
 Stab: Sleeping          |    17 |    28 |    68 |    76 |   243 ||   432
       Distracted        |     2 |     1 |     2 |     8 |    13 ||    26
       Confused          |       |    11 |    13 |    69 |    85 ||   178
       Invisible         |       |     2 |     3 |     9 |     7 ||    21
       Paralysed         |       |       |       |       |     2 ||     2
Armor: Robe              |    10 |    16 |     6 |     1 |     1 ||    34
       Steam dragon scal |       |       |       |    51 |    52 ||   103
       Ice dragon scales |       |       |       |       |    28 ||    28
Dodge: Dodged            |    59 |   122 |   123 |   366 |   430 ||  1100
Block: Other             |       |       |       |     4 |    93 ||    97
       Reflection        |       |       |       |       |     4 ||     4

Table legend: (Time is in decaauts)
 A = Elapsed time spent in this place.
 B = Non-inter-level travel time spent in this place.
 C = Inter-level travel time spent in this place.
 D = Time resting spent in this place.
 E = Time spent auto-exploring this place.
 F = Levels seen in this place.
 G = Mean time per level.
                   A        B        C        D        E       F      G
               +--------+--------+--------+--------+--------+-----+--------+
         Total |  28366 |  27169 |   1197 |  12004 |   8115 |  28 | 1013.1 |
       Dungeon |  14859 |  14136 |    723 |   5355 |   5760 |  15 |  990.6 |
          Lair |   8085 |   7675 |    410 |   3850 |   1947 |   5 | 1617.0 |
        Shoals |     43 |     43 |      0 |      0 |      0 |   1 |   43.0 |
   Spider Nest |     48 |     48 |      0 |      7 |      0 |   1 |   48.0 |
  Orcish Mines |   2309 |   2246 |     63 |   1041 |    372 |   2 | 1154.5 |
   Elven Halls |      1 |      1 |      0 |      0 |      0 |   1 |    1.0 |
         Sewer |    607 |    607 |      0 |    319 |     24 |   1 |  607.0 |
       Ossuary |    964 |    964 |      0 |    548 |     11 |   1 |  964.0 |
      Ice Cave |   1446 |   1446 |      0 |    882 |      0 |   1 | 1446.0 |
               +--------+--------+--------+--------+--------+-----+--------+

Top non-repeatable levels by time:
  Lair:2: 2971 daAuts
  Lair:3: 2587 daAuts
     D:2: 1808 daAuts
   Orc:2: 1601 daAuts
   IceCv: 1446 daAuts
     D:9: 1423 daAuts
     D:4: 1321 daAuts
    D:10: 1160 daAuts
    D:15: 1142 daAuts
     D:6: 1002 daAuts
     D:5: 980 daAuts
     D:1: 975 daAuts
  Lair:1: 970 daAuts
 Ossuary: 964 daAuts
  Lair:5: 929 daAuts
